[ AOE2 MATCH · #507170940 ]
UnrankedKhitans vs Teutons
Player's team · WIN
Rival team · LOSS
[ REPLAY ANALYSIS · EXTRACTED FROM THE RECORDED GAME ]
Feudal
8:53
Castle
—
Imperial
—
| APM avg | 56.3 |
| APM peak | 85 |
| eAPM avg | 22.1 |
| Villagers / military | 27 / 4 |
Focus
⚔️ 50.7% · 🌾 49.3%
Scout Cavalry ×4
Feudal
12:41
Castle
—
Imperial
—
| APM avg | 54.0 |
| APM peak | 100 |
| eAPM avg | 16.2 |
| Villagers / military | 23 / 5 |
Focus
⚔️ 31.7% · 🌾 68.3%
Militia ×5
Match map
Initial resources + every placement click. Lines = walls · curves = elevation contours. ◆ gold · ⬟ stone · ● berries · ✦ relic · ◌ wall gap
Your base· Open — 5t gap
OGStragglerTree's base· Open — unwalled flank
Smoothed initial terrain · ◌ = detected wall gap · hover for details
Inputs per minute
— RD | El_Zapatero22 - - OGStragglerTree
Build order — RD | El_Zapatero22
52 actions detected in the replay
| 0:00 | Create | Villager (Male) ×4 |
| 0:01 | Build | House |
| 0:02 | Build | House |
| 1:24 | Create | Villager (Male) |
| 1:50 | Create | Villager (Male) |
| 1:54 | Build | Lumber Camp |
| 2:14 | Create | Villager (Male) |
| 2:39 | Create | Villager (Male) |
| 3:10 | Create | Villager (Male) |
| 3:23 | Create | Villager (Male) |
| 3:48 | Build | House |
| 3:56 | Create | Villager (Male) |
| 4:22 | Build | Mill |
| 4:26 | Create | Villager (Male) |
| 4:56 | Create | Villager (Male) |
| 4:56 | Create | Villager (Male) |
| 5:08 | Create | Villager (Male) |
| 5:14 | Create | Villager (Male) |
| 5:51 | Create | Villager (Male) |
| 5:55 | Create | Villager (Male) |
| 5:57 | Create | Villager (Male) |
| 6:16 | Research | Loom |
| 6:33 | Research | Feudal Age |
| 6:51 | Build | Palisade Wall |
| 7:01 | Build | Palisade Wall |
| 7:18 | Build | Palisade Wall |
| 7:51 | Build | Barracks |
| 8:12 | Build | Palisade Gate |
| 8:17 | Build | Palisade Wall |
| 8:36 | Build | Palisade Gate |
| 8:41 | Build | Palisade Wall |
| 8:53 | Age | Feudal Age |
| 8:53 | Create | Villager (Male) |
| 9:10 | Build | Archery Range |
| 9:17 | Build | Stable |
| 9:25 | Create | Villager (Male) |
| 9:50 | Create | Villager (Male) |
| 9:53 | Build | House |
| 10:13 | Build | Blacksmith |
| 10:19 | Create | Scout Cavalry |
| 10:19 | Create | Scout Cavalry |
| 10:25 | Create | Villager (Male) |
| 10:37 | Research | Double-Bit Axe |
| 10:50 | Research | Forging |
| 11:07 | Create | Villager (Male) |
| 11:25 | Build | House |
| 11:31 | Create | Villager (Male) |
| 11:40 | Build | Pasture |
| 11:44 | Create | Scout Cavalry |
| 12:05 | Create | Villager (Male) |
| 12:29 | Create | Scout Cavalry |
| 12:34 | Create | Villager (Male) |
Build order — OGStragglerTree
53 actions detected in the replay
| 0:00 | Create | Villager (Male) |
| 0:01 | Create | Villager (Male) |
| 0:01 | Create | Villager (Male) |
| 0:01 | Create | Villager (Male) |
| 0:02 | Build | House |
| 0:03 | Build | House |
| 1:31 | Create | Villager (Male) |
| 1:59 | Create | Villager (Male) |
| 2:16 | Create | Villager (Male) |
| 2:53 | Create | Villager (Male) |
| 3:03 | Build | Barracks |
| 3:13 | Create | Villager (Male) |
| 3:34 | Build | House |
| 3:56 | Create | Villager (Male) |
| 4:12 | Create | Militia |
| 4:12 | Create | Militia |
| 4:26 | Create | Villager (Male) |
| 4:30 | Build | House |
| 4:41 | Create | Militia |
| 5:07 | Create | Villager (Male) |
| 5:11 | Build | House |
| 5:13 | Build | Palisade Wall |
| 5:26 | Create | Villager (Male) |
| 5:53 | Create | Villager (Male) |
| 6:06 | Create | Militia |
| 6:06 | Create | Militia |
| 6:27 | Create | Villager (Male) |
| 6:27 | Create | Villager (Male) |
| 6:49 | Create | Villager (Male) |
| 6:52 | Build | Mill |
| 7:32 | Build | Lumber Camp |
| 7:40 | Create | Villager (Male) |
| 7:51 | Build | Palisade Wall |
| 7:58 | Create | Villager (Male) |
| 7:59 | Create | Villager (Male) |
| 8:37 | Build | House |
| 9:09 | Create | Villager (Male) |
| 9:11 | Build | Mining Camp |
| 9:55 | Research | Loom |
| 10:26 | Build | Farm |
| 10:26 | Build | Farm |
| 10:26 | Build | Farm |
| 10:27 | Build | Farm |
| 10:31 | Research | Feudal Age |
| 11:15 | Build | Palisade Wall |
| 11:41 | Build | House |
| 11:44 | Build | House |
| 11:52 | Create | Villager (Male) |
| 11:53 | Create | Villager (Male) |
| 12:26 | Build | House |
| 12:31 | Build | House |
| 12:33 | Build | Palisade Wall |
| 12:41 | Age | Feudal Age |
Match timeline
| 3:03 | OGStragglerTree · first_building Barracks |
| 5:13 | OGStragglerTree · wall_segment Palisade Wall x1 |
| 6:51 | RD | El_Zapatero22 · wall_segment Palisade Wall x1 |
| 7:01 | RD | El_Zapatero22 · wall_segment Palisade Wall x2 |
| 7:18 | RD | El_Zapatero22 · wall_segment Palisade Wall x1 |
| 7:51 | RD | El_Zapatero22 · first_building Barracks |
| 7:51 | OGStragglerTree · wall_segment Palisade Wall x2 |
| 8:17 | RD | El_Zapatero22 · wall_segment Palisade Wall x1 |
| 8:41 | RD | El_Zapatero22 · wall_segment Palisade Wall x1 |
| 8:53 | RD | El_Zapatero22 · age_up feudal |
| 9:10 | RD | El_Zapatero22 · first_building Archery Range |
| 9:17 | RD | El_Zapatero22 · first_building Stable |
| 11:15 | OGStragglerTree · wall_segment Palisade Wall x22 |
| 12:33 | OGStragglerTree · wall_segment Palisade Wall x7 |
| 12:41 | OGStragglerTree · age_up feudal |
| 12:52 | OGStragglerTree · resign |
[ AI ANALYSIS · 1 CREDIT ]
What really happened in this match?
Wolo.gg analyzes every decision: build order, eco, micro, common mistakes by bracket. Personalized analysis on WhatsApp or Discord in 30 seconds.
Civ guide
Khitans
Perfil
Jugador #17795993